AoeStats
← kainann3

Arena

503928224Analyzed
4v4 RM · 29d ago on Sep 3, 2026· 57m 38s· 8 players
Game mode
Random Map
Map size
Large (8 player)
Population
200
Speed
Normal
Resources
Standard
Victory
Conquest
Starting age
Dark Age
Ending age
Imperial Age
RankedLock teamsTeams togetherTeam positionsShared explorationLock speedFull tech treeHidden civsTurbo modeCheats
Victory
Defeat
🇨🇱 Shu · Chile
1080
+14
🇲🇽 Bohemians · Mexico
1049
+16
🇺🇸 Gurjaras · United States
1041
+16
🇨🇱 Huns · Chile
1011
+17
1071
-17
🇧🇷 Turks · Brazil
1054
-16
🇧🇷 Huns · Brazil
1050
-16
🇨🇳 Byzantines · China
1004
-14
SillyLittleGoose
5:05 Loom
11:29 Feudal Age
15:44 Castle Age
14:02 Horse Collar
14:24 Double-Bit Axe
15:42 Scale Barding Armor
22:54 Heavy Plow
23:07 Bow Saw
25:35 Bloodlines
25:49 Chain Barding Armor
25:40 Forging
28:49 Imperial Age
26:34 Gold Mining
28:01 Wheelbarrow
27:13 Town Watch
28:45 Iron Casting
35:51 Hand Cart
38:56 Kshatriyas
39:03 Heavy Camel Rider
40:25 Frontier Guards
40:44 Gold Shaft Mining
43:37 Plate Barding Armor
51:10 Conscription
52:00 Hoardings
52:45 Masonry
52:48 Fortified Wall
52:22 Treadmill Crane
52:56 Masonry
52:58 Fortified Wall
52:43 Murder Holes
53:10 Ballistics
53:53 Fletching
55:30 Town Patrol
Axolotlin
10:24 Feudal Age
11:43 Loom
14:26 Castle Age
12:43 Horse Collar
13:57 Double-Bit Axe
21:20 Bow Saw
22:13 Heavy Plow
23:05 Fervor
25:26 Wheelbarrow
24:42 Town Watch
28:57 Imperial Age
27:16 Hand Cart
27:23 Padded Archer Armor
28:26 Chemistry
28:27 Forging
28:18 Squires
29:06 Leather Archer Armor
28:54 Scale Mail Armor
30:09 Iron Casting
30:09 Sanctity
30:54 Two-Man Saw
32:04 Blast Furnace
31:37 Chain Mail Armor
31:59 Ring Archer Armor
31:53 Ballistics
31:14 Treadmill Crane
31:45 Siege Engineers
32:13 Conscription
31:42 Pikeman
32:48 Halberdier
34:08 Plate Mail Armor
33:57 Fletching
36:16 Fortified Wall
36:45 Bodkin Arrow
37:04 Wagenburg Tactics
39:14 Bracer
39:21 Scale Barding Armor
39:34 Houfnice
40:58 Town Patrol
41:21 Chain Barding Armor
43:50 Murder Holes
47:49 Arson
52:27 Elite Skirmisher
55:40 Caravan
fabiangvillat
11:08 Feudal Age
14:46 Castle Age
12:47 Double-Bit Axe
18:58 Bow Saw
22:01 Horse Collar
24:01 Wheelbarrow
24:12 Town Watch
24:28 Loom
28:14 Imperial Age
26:03 Fletching
25:43 Crossbowman
27:30 Bodkin Arrow
27:35 Padded Archer Armor
29:12 Ballistics
29:19 Bracer
29:49 Arbalester
32:35 Leather Archer Armor
34:20 Chemistry
33:27 Thumb Ring
33:44 Siege Engineers
36:29 Two-Man Saw
35:52 Bolt Magazine
37:14 Hand Cart
37:52 Ring Archer Armor
42:29 Gold Mining
42:29 Stone Mining
43:28 Scale Mail Armor
48:46 Gold Shaft Mining
52:45 Conscription
51:48 Elite White Feather Guard
elgranrusio2020
0:49 Loom
11:02 Feudal Age
10:19 Loom
16:07 Castle Age
16:19 Double-Bit Axe
16:17 Horse Collar
20:22 Wheelbarrow
21:00 Husbandry
25:51 Heavy Plow
26:30 Bloodlines
28:45 Fletching
29:16 Forging
30:10 Bow Saw
30:26 Scale Barding Armor
30:57 Iron Casting
31:05 Hand Cart
36:01 Imperial Age
35:28 Murder Holes
35:54 Ballistics
36:14 Cavalier
39:37 Atheism
40:58 Blast Furnace
40:18 Chain Barding Armor
39:55 Bodkin Arrow
42:19 Paladin
45:08 Parthian Tactics
53:59 Chemistry
ACHMP | SirAlexander24
12:23 Feudal Age
13:24 Double-Bit Axe
16:26 Castle Age
17:59 Bow Saw
17:21 Pikeman
19:04 Fervor
24:48 Imperial Age
22:39 Squires
22:56 Treadmill Crane
23:31 Horse Collar
24:22 Forging
24:04 Fletching
25:11 Heavy Plow
27:07 Chemistry
27:41 Two-Man Saw
29:27 Squires
29:52 Forging
30:16 Conscription
30:49 Bodkin Arrow
31:43 Sanctity
31:39 Masonry
31:42 Halberdier
32:52 Murder Holes
35:18 Bracer
35:20 Padded Archer Armor
35:58 Wagenburg Tactics
37:00 Wheelbarrow
36:10 Town Watch
36:11 Loom
37:07 Iron Casting
40:00 Leather Archer Armor
40:46 Blast Furnace
39:46 Houfnice
40:52 Hand Cart
46:37 Ring Archer Armor
46:08 Scale Mail Armor
46:41 Ballistics
46:52 Architecture
46:10 Arrowslits
46:36 Fortified Wall
46:19 Arson
47:01 Elite Hussite Wagon
kainann3
10:20 Feudal Age
14:31 Castle Age
12:51 Double-Bit Axe
13:49 Horse Collar
15:00 Wheelbarrow
15:23 Bow Saw
16:31 Heavy Plow
29:10 Imperial Age
26:29 Town Watch
26:30 Loom
26:49 Gold Mining
26:54 Stone Mining
28:20 Hand Cart
28:14 Scale Barding Armor
29:03 Husbandry
29:15 Bloodlines
29:32 Chain Barding Armor
29:24 Forging
29:29 Marauders
30:14 Conscription
29:43 Elite Tarkan
30:49 Town Patrol
31:39 Iron Casting
33:06 Atheism
33:37 Plate Barding Armor
34:08 Blast Furnace
34:40 Fletching
36:57 Heavy Cavalry Archer
38:03 Parthian Tactics
37:44 Thumb Ring
38:43 Chemistry
38:03 Ballistics
38:52 Two-Man Saw
37:57 Bodkin Arrow
38:03 Padded Archer Armor
38:44 Light Cavalry
39:32 Bracer
39:48 Leather Archer Armor
40:26 Caravan
40:03 Hussar
43:21 Elite Skirmisher
44:07 Scale Mail Armor
46:16 Cavalier
46:47 Pikeman
47:27 Squires
48:59 Halberdier
49:59 Chain Mail Armor
54:37 Capped Ram
55:32 Siege Ram
Mkc
10:12 Loom
12:14 Feudal Age
18:03 Castle Age
22:21 Imperial Age
20:26 Double-Bit Axe
20:35 Gold Mining
26:55 Padded Archer Armor
29:56 Wheelbarrow
32:28 Leather Archer Armor
32:03 Fletching
36:22 Heavy Camel Rider
37:02 Husbandry
37:13 Bloodlines
37:10 Scale Barding Armor
37:16 Forging
38:20 Horse Collar
41:29 Chain Barding Armor
44:59 Plate Barding Armor
45:00 Iron Casting
50:53 Hand Cart
51:53 Murder Holes
52:09 Fortified Wall
52:50 Bombard Tower
52:55 Bow Saw
52:47 Heavy Plow
坦诚哥
11:07 Feudal Age
14:30 Castle Age
12:57 Double-Bit Axe
14:33 Horse Collar
14:43 Loom
17:14 Loom
21:24 Bow Saw
21:14 Stone Mining
25:25 Wheelbarrow
25:03 Gold Mining
27:21 Hand Cart
27:52 Heavy Plow
28:55 Gold Shaft Mining
29:11 Fortified Wall
32:05 Imperial Age
30:25 Stone Shaft Mining
30:30 Arson
30:45 Squires
30:06 Pikeman
30:32 Gambesons
32:06 Fletching
32:19 Padded Archer Armor
33:02 Thumb Ring
32:18 Elite Skirmisher
32:55 Bodkin Arrow
34:01 Crop Rotation
34:32 Two-Man Saw
33:51 Leather Archer Armor
33:47 Forging
33:37 Scale Mail Armor
33:48 Forging
33:38 Scale Mail Armor
34:24 Bracer
34:50 Conscription
35:47 Chemistry
35:07 Ballistics
36:35 Ring Archer Armor
36:42 Iron Casting
36:26 Scale Barding Armor
36:11 Treadmill Crane
36:52 Bombard Tower
36:28 Murder Holes
36:04 Halberdier
37:00 Chain Mail Armor
39:21 Hoardings
40:19 Guilds
43:12 Plate Mail Armor
43:03 Chain Barding Armor
Connection lost

Rejoining the realm…

Still unreachable

The connection could not be restored.

Session expired

The server has moved on; the page needs a fresh start.